 Dungeon Crawl Stone Soup version 0.29.0-11-gd7f09526c8 (webtiles) character file.

Game seed: 11805402209081887951

23 Arum the Slasher (level 2, -6/26 HPs)
             Began as a Minotaur Gladiator on Sept 5, 2022.
             Mangled by a small abomination (15 damage)
             ... on level 1 of the Abyss.
             The game lasted 00:01:00 (912 turns).

Arum the Slasher (Minotaur Gladiator)                Turns: 912, Time: 00:01:02

Health: -6/26      AC:  3    Str: 18    XL:     2   Next: 72%
Magic:  1/1        EV: 12    Int:  5    God:
Gold:   23         SH:  0    Dex: 11    Spells: 1/1 levels left

rFire   . . .      SeeInvis .   a - +0 long sword
rCold   . . .      Faith    .   (no shield)
rNeg    . . .      Spirit   .   b - +0 leather armour
rPois   .          Reflect  .   c - +0 hat
rElec   .          Harm     .   (no cloak)
rCorr   .          Rampage  .   (no gloves)
Will    .....                   (no boots)
Stlth   +.........              (no amulet)
HPRegen 0.08/turn               (no ring)
MPRegen 0.07/turn               (no ring)

@: no status effects
A: horns 2, retaliatory headbutt
a: no special abilities


You were on level 1 of the Abyss.
You visited 1 branch of the dungeon, and saw 1 of its levels.
You visited the Abyss 1 time.

You collected 23 gold pieces.

Inventory:

Hand Weapons
 a - a +0 long sword (weapon)
Missiles
 d - 3 throwing nets (quivered)
 e - a javelin
Armour
 b - a +0 leather armour (worn)
 c - a +0 hat (worn)
Scrolls
 i - a scroll of teleportation {unknown}
 k - a scroll of enchant weapon {unknown}
 l - a scroll of fear {unknown}
 m - a scroll of amnesia {unknown}
Potions
 f - a potion of ambrosia {unknown}
 g - a potion of invisibility {unknown}
 h - a potion of heal wounds {unknown}
 j - 2 potions of curing {unknown}


   Skills:
 + Level 3.0 Fighting
 + Level 4.1 Long Blades
 - Level 2.0 Throwing
 + Level 3.7 Dodging


You had one spell level left.
You didn't know any spells.
Your spell library was empty.

Dungeon Overview and Level Annotations

Branches:
Dungeon (1/15)

Altars:
Lugonu


Innate Abilities, Weirdness & Mutations

You have a pair of horns on your head.
You reflexively headbutt those who attack you in melee.


Message History

No target in view!
No target in view!
No target in view!
You see here a ball python corpse.
You see here a ball python corpse.
There is a stone staircase leading down here.
A goblin comes into view. It is wielding a +0 club.
The goblin shouts!
A goblin is nearby!
A goblin is nearby!
The goblin hits you with a +0 club.
You slash the goblin!
You kill the goblin!
No target in view!
No target in view!
No target in view!
No target in view!
No target in view!
Lugonu draws you home! Lugonu sends minions to punish you.
A small abomination comes into view.
A small abomination is nearby!
You are cast into the Abyss!
To return, you must find a gate leading back.
Killing monsters will force the Abyss to allow you passage.
This branch contains the abyssal rune of Zot.
No target in view!
Unknown command.
No target in view!
No target in view!
A small abomination comes into view.
You hit the small abomination.
The small abomination is moderately damaged.
The small abomination hits you.
You hit the small abomination.
The small abomination is moderately damaged.
The small abomination hits you!
Ouch! That really hurt!
The small abomination hits you!
Ouch! That really hurt!
You die...

###.. ♣♣♣.....
##.#.. ♣........
#.#...♣.........
............#...
#....#..#.....
#..#..#........
#............♣
#.#####..##♣♣♣ #
###@...♣
#.....x..##
#.####.#..♣ .#
#....... #.#
..#...... #.#
#........ .. ...
#♣... ... #.#.
♣♣. ..## ...


You could see a small abomination.

Vanquished Creatures
  A ball python (D:1)
  An endoplasm (D:1)
  A giant cockroach (D:1)
  4 goblins (D:1)
  2 hobgoblins (D:1)
  3 quokkas (D:1)
  A bat (D:1)
  A frilled lizard (D:1)
  4 kobolds (D:1)
  A rat (D:1)
19 creatures vanquished.

Notes
Turn   | Place    | Note
-------+----------+-------------------------------------------
     0 | D:1      | Arum the Minotaur Gladiator began the quest for the Orb.
     0 | D:1      | Reached XP level 1. HP: 18/18 MP: 0/0
   112 | D:1      | Found a faded altar of an unknown god.
   215 | D:1      | Prayed at the altar of an unknown god.
   215 | D:1      | Became a worshipper of Lugonu the Unformed
   215 | D:1      | Reached * piety under Lugonu
   215 | D:1      | Reached ** piety under Lugonu
   245 | D:1      | Reached XP level 2. HP: 25/25 MP: 1/1
   245 | D:1      | Fell from the grace of Lugonu
   497 | D:1      | Reached skill level 4 in Long Blades
   900 | D:1      | Noticed a small abomination
   900 | Abyss:1  | Cast into level 1 of the Abyss (Lugonu's touch)
   905 | Abyss:1  | Noticed a small abomination
   912 | Abyss:1  | Mangled by a small abomination

Illustrated notes

Levels and vault maps discovered:
D:1:      amcnicky_arrival_choice, layout_loops_ring,
          nicolae_ecumenical_lake_church, kennysheep_nondescript
Abyss:1:  base:
Temple

Skill      XL: |  1  2 |
---------------+-------+-----
Long Blades    | 4 |  4.1
Fighting       | 3 |  3.0
Throwing       | |  2.0
Dodging        | |  3.7

Action                   || total
-------------------------++-------
Melee: Long sword        ||    42
       Headbutt          ||     6
Invok: Renounce Religion ||     1
Armor: Leather armour    ||     8
Dodge: Dodged            ||    27
